Map: [ESL] Moondance

Players

TIME (Oliveira) - Winner!

  • Race: Terran Terran
  • Spawn Location: 6:00

Lambo

  • Race: Zerg Zerg
  • Spawn Location: 12:00

Event: TSL 9

VOD

Have the link to the VOD?

Description

Time

  • Played on: Aug. 7, 2022, 9:20 a.m.
  • Length: 39:03

All games in this series

Show
View Real Time Build Order
Export as new Build Order

TIME Terran - Winner!

Build Orders: Reaper Expand 

Get SALT Encoding   

  12  0:00  SCV  
  13  0:12  SCV  
  14  0:17  Supply Depot  
  14  0:25  SCV  
  15  0:38  SCV  
  15  0:40  Barracks  
  16  0:43  Refinery  
  16  0:50  SCV  
  17  1:03  SCV  
  18  1:15  SCV  
  19  1:28  Reaper, Orbital Command  
  20  1:39  Command Center  
  20  1:47  Supply Depot  
  20  1:54  SCV  
  21  1:59  Marine  
  22  2:06  SCV  
  23  2:10  Factory  
  23  2:14  Refinery  
  23  2:18  SCV  
  23  2:22  Barracks Reactor  
  24  2:30  SCV  
  25  2:42  SCV  
  26  2:52  Orbital Command  
  26  2:54  Hellion  
  26  2:55  SCV, Starport  
  26  2:58  Marine  
  29  2:59  Marine  
  31  3:07  SCV  
  32  3:16  Marine x2  
  32  3:17  Widow Mine  
  32  3:18  SCV  
  32  3:19  SCV  
  38  3:24  Supply Depot  
  38  3:30  SCV  
  38  3:31  SCV  
  38  3:32  Medivac  
  42  3:34  Marine x2  
  42  3:40  Factory Tech Lab  
  44  3:42  SCV  
  44  3:44  SCV  
  46  3:49  Supply Depot  
  46  3:54  SCV  
  47  4:03  SCV  
  47  4:08  Command Center  
  47  4:09  Stimpack, Marine  
  49  4:11  SCV  
  49  4:15  Barracks  
  49  4:16  SCV  
  51  4:18  Barracks, Factory Reactor  
  51  4:27  Marine  
  51  4:30  Starport Reactor  
  50  4:34  SCV  
  50  4:35  SCV  
  50  4:37  Supply Depot  
  52  4:44  Marine  
  53  4:47  SCV x2  
  53  4:53  Engineering Bay x2  
  53  4:58  Refinery  
  53  4:59  SCV  
  55  5:00  SCV  
  55  5:02  Marine  
  55  5:03  Factory Tech Lab, Marine x2  
  58  5:11  SCV  
  58  5:12  SCV, Marine x2  
  58  5:13  Refinery  
  62  5:14  Medivac  
  62  5:15  Medivac  
  62  5:20  Marine  
  62  5:21  Orbital Command, Marine  
  67  5:23  Terran Infantry Weapons Level 1  
  67  5:24  SCV  
  67  5:25  Terran Infantry Armor Level 1, Marine  
  70  5:30  SCV, Marine  
  70  5:33  Supply Depot, Marine  
  73  5:38  SCV, Marine  
  73  5:39  Marine  
  76  5:43  Marine  
  76  5:45  SCV  
  76  5:48  Marine  
  76  5:49  Combat Shield  
  79  5:51  Siege Tank  
  79  5:53  Orbital Command  
  79  5:55  Marine  
  83  5:57  SCV  
  83  5:58  SCV  
  83  6:00  Reaper  
  83  6:01  Supply Depot  
  83  6:02  Supply Depot  
  86  6:07  Marine  
  86  6:08  Orbital Command  
  86  6:09  Barracks x2  
  87  6:13  Marine  
  87  6:14  SCV  
  87  6:19  Marine x2  
  87  6:25  Marine  
  88  6:29  SCV  
  88  6:30  SCV  
  87  6:32  Marine  
  87  6:33  Marine  
  87  6:34  Siege Tank  
  87  6:35  Medivac x2  
  87  6:36  SCV  
  87  6:37  Supply Depot  
  97  6:41  SCV, Marine  
  97  6:42  SCV, Marine  
  101  6:48  SCV  
  101  6:53  SCV, Armory  
  103  6:55  SCV  
  103  6:56  Supply Depot, Marine  
  103  6:57  Barracks Reactor  
  103  6:58  Bunker  
  103  6:59  Barracks Reactor  
  103  7:00  SCV  
  105  7:02  Marine x3  
  105  7:05  SCV, Marine  
  105  7:08  Siege Tank  
  113  7:09  SCV  
  113  7:13  SCV  
  113  7:15  Marine  
  116  7:18  SCV  
  116  7:20  Marine x2  
  116  7:21  SCV  
  120  7:24  Marine  
  120  7:25  SCV  
  120  7:28  Marine  
  121  7:30  SCV  
  121  7:31  Supply Depot  
  121  7:32  Supply Depot  
  121  7:33  SCV, Marine  
  121  7:37  Marine  
  124  7:40  Terran Infantry Armor Level 2, Terran Infantry Weapons Level 2  
  125  7:50  Supply Depot  
  125  7:52  Marine x4  
  125  7:53  SCV, Siege Tank  
  125  7:54  Marine x4  
  137  8:01  Marine  
  137  8:05  SCV x2  
  140  8:10  Marine  
  140  8:11  Marine x4  
  145  8:14  SCV  
  145  8:17  Marine  
  145  8:18  Marine x2  
  149  8:21  SCV, Medivac x2  
  149  8:26  Supply Depot  
  146  8:28  Supply Depot, Command Center  
  131  8:39  Marine  
  126  8:42  Marine x5  
  126  8:43  Siege Tank  
  126  8:45  Terran Vehicle Weapons Level 1  
  126  8:47  Refinery, Factory  
  126  8:48  Refinery  
  133  8:50  Marine x2  
  133  8:52  Sensor Tower  
  133  8:54  Marine  
  136  9:00  Marine  
  136  9:01  Marine x2  
  136  9:02  Marine x3  
  142  9:08  Marine x2  
  144  9:12  Marine  
  144  9:16  SCV  
  140  9:18  Marine  
  140  9:19  Marine x2  
  140  9:20  Marine x3  
  146  9:27  Marine  
  146  9:28  Marine  
  146  9:30  Marine  
  134  9:31  Siege Tank  
  134  9:33  Medivac  
  134  9:36  Marine x3  
  134  9:37  Marine  
  134  9:38  Marine x2  
  125  9:39  SCV x3  
  125  9:40  Factory Tech Lab  
  125  9:41  Medivac  
  125  9:45  Marine  
  120  9:46  Marine  
  120  9:48  Marine  
  120  9:51  SCV x3  
  123  9:54  Marine x3  
  123  9:55  Marine  
  123  9:57  Marine x2  
  119  10:03  SCV x2, Medivac  
  119  10:04  Marine x2  
  119  10:05  Command Center  
  119  10:07  Marine  
  125  10:12  Marine  
  125  10:13  SCV  
  125  10:15  Terran Infantry Weapons Level 3, SCV  
  125  10:18  SCV  
  127  10:25  Terran Infantry Armor Level 3, SCV  
  128  10:31  Siege Tank  
  128  10:32  SCV x2  
  133  10:37  Siege Tank  
  133  10:38  Drilling Claws  
  133  10:40  SCV  
  137  10:44  SCV  
  137  10:45  SCV  
  139  10:56  Supply Depot  
  139  10:58  Barracks  
  139  10:59  Supply Depot, Barracks x2  
  139  11:00  Liberator  
  139  11:02  Liberator  
  139  11:03  Terran Vehicle Weapons Level 2  
  140  11:05  SCV  
  141  11:16  SCV x2, Siege Tank  
  141  11:17  Widow Mine  
  148  11:24  Marauder  
  150  11:26  Ghost Academy  
  150  11:34  Missile Turret  
  150  11:35  Missile Turret  
  150  11:37  SCV x2  
  150  11:39  Siege Tank  
  155  11:43  SCV  
  155  11:46  Command Center  
  156  11:48  Siege Tank  
  159  11:55  Refinery  
  140  12:12  Siege Tank  
  140  12:13  SCV  
  140  12:14  SCV x2  
  140  12:15  Barracks Tech Lab x3  
  134  12:20  Planetary Fortress  
  134  12:23  Supply Depot  
  134  12:24  Supply Depot  
  134  12:26  Siege Tank  
  137  12:30  Factory  
  137  12:35  SCV x2  
  139  12:37  SCV  
  139  12:42  Ghost x2  
  139  12:43  Missile Turret, Sensor Tower  
  144  12:47  SCV x2  
  144  12:49  SCV, Siege Tank  
  144  12:51  Ghost  
  152  12:59  SCV  
  152  13:02  Orbital Command  
  152  13:03  Barracks Reactor  
  152  13:04  Siege Tank  
  156  13:11  Ghost  
  156  13:12  Ghost  
  157  13:16  SCV x2  
  161  13:20  Command Center  
  161  13:21  Factory Reactor  
  161  13:23  SCV x2  
  163  13:28  SCV  
  163  13:29  Siege Tank, Ghost  
  163  13:30  Missile Turret x2  
  163  13:32  Supply Depot  
  169  13:37  Siege Tank  
  172  13:52  Refinery x2  
  172  13:53  Command Center  
  172  13:55  Ghost x3  
  172  13:57  Missile Turret  
  172  14:01  Widow Mine x2  
  182  14:08  Missile Turret  
  182  14:18  Missile Turret  
  182  14:19  Missile Turret  
  180  14:27  Siege Tank x2  
  180  14:28  Widow Mine  
  180  14:29  Widow Mine  
  180  14:30  SCV x2  
  182  14:38  SCV, Orbital Command  
  182  14:47  SCV  
  182  14:48  SCV  
  182  14:52  Terran Vehicle Weapons Level 3  
  182  14:56  Widow Mine x2  
  182  14:59  SCV x2  
  184  15:00  SCV  
  184  15:01  Starport Reactor  
  184  15:04  SCV, Siege Tank x2  
  184  15:06  Command Center  
  192  15:08  Missile Turret  
  192  15:10  Missile Turret  
  192  15:12  Missile Turret  
  192  15:14  Personal Cloaking  
  191  15:21  Widow Mine  
  193  15:23  Missile Turret  
  193  15:28  SCV  
  193  15:29  SCV  
  193  15:33  Widow Mine  
  197  15:37  Siege Tank  
  200  16:01  Command Center, Sensor Tower  
  200  16:03  Missile Turret x2  
  200  16:16  Infernal Pre-Igniter  
  179  16:38  Thor x2  
  179  16:39  Hellion x2  
  167  16:55  Medivac x2  
  167  16:59  Marine  
  172  17:01  Marine  
  172  17:02  Marine x2  
  172  17:04  Hellion x2  
  172  17:07  Marine  
  180  17:09  Marine  
  174  17:21  Factory  
  174  17:22  Factory  
  165  17:23  Ghost x3  
  165  17:24  Ghost  
  165  17:25  Thor x2  
  165  17:27  Hellion x2  
  165  17:28  Smart Servos  
  187  17:30  Terran Vehicle And Ship Armor Level 1  
  187  17:32  Planetary Fortress  
  187  17:38  Command Center  
  187  17:48  Liberator x2  
  187  17:49  Hellion  
  187  17:50  Hellion  
  197  17:51  Ghost  
  197  17:53  Marine  
  200  18:16  Factory Tech Lab, Factory Reactor  
  200  18:20  Refinery, Fusion Core  
  200  18:21  Refinery  
  200  18:24  Enhanced Shockwaves  
  200  18:26  Hi-Sec Auto Tracking, Neosteel Armor  
  194  18:30  Thor  
  198  18:34  Hellion  
  188  18:41  Thor x2, Hellion  
  188  18:47  Marine  
  199  18:54  Marine  
  191  18:58  Hellion x2  
  191  19:02  Hellion  
  199  19:03  Hellion  
  199  19:07  Advanced Ballistics  
  199  19:10  Starport  
  199  19:25  Terran Vehicle And Ship Armor Level 2  
  199  19:28  Planetary Fortress  
  199  19:36  Command Center, Orbital Command  
  199  19:38  Command Center  
  199  19:42  Refinery  
  199  19:44  Refinery  
  199  19:50  Hellion x6  
  199  20:03  Missile Turret  
  198  20:18  Thor  
  193  20:22  Thor  
  193  20:25  Liberator  
  193  20:26  Starport Reactor  
  199  20:51  Orbital Command  
  199  20:54  Command Center  
  192  21:06  Thor  
  192  21:07  Liberator  
  199  21:15  Planetary Fortress  
  199  21:23  Thor  
  199  21:25  Hellion  
  186  21:49  Hellion x3  
  186  21:50  Command Center x2  
  186  21:57  Thor x2  
  197  22:06  Terran Vehicle And Ship Armor Level 3  
  192  22:24  Thor  
  192  22:25  Hellion  
  196  22:35  SCV  
  196  22:36  SCV, Orbital Command  
  195  22:51  Liberator x2  
  198  23:02  Orbital Command  
  198  23:06  Refinery  
  198  23:07  Refinery  
  198  23:55  Liberator x2  
  198  23:56  Planetary Fortress  
  192  24:24  Hellion x2  
  192  24:28  Thor, Hellion x2  
  192  24:29  Liberator  
  198  24:49  Liberator x2  
  198  24:50  Liberator  
  198  24:52  Hellion x3  
  198  25:05  SCV x2  
  200  25:32  Terran Ship Weapons Level 1  
  199  25:48  Hellion  
  198  25:50  Medivac  
  198  25:52  Medivac  
  182  26:22  Thor  
  186  26:26  Hellion x3  
  186  26:28  Thor  
  186  26:29  Medivac  
  165  26:53  Hellion x3  
  142  27:00  Hellion  
  108  27:04  Thor  
  108  27:07  Liberator x2  
  112  27:08  Thor  
  112  27:11  SCV x3  
  112  27:12  SCV  
  112  27:15  Ghost x4  
  122  27:18  Hellion x2  
  134  27:23  Thor  
  134  27:25  Hellion x2  
  134  27:26  Liberator x2  
  134  27:28  Terran Ship Weapons Level 2, Orbital Command  
  134  27:29  SCV  
  151  27:34  SCV  
  151  27:35  SCV  
  149  27:44  Hellion, Orbital Command  
  149  27:45  Hellion  
  153  27:54  Thor x2  
  153  27:55  Hellion x2  
  153  27:56  Liberator x2  
  175  27:59  Ghost x2  
  175  28:05  Ghost x2  
  177  28:09  Liberator  
  184  28:19  Liberator  
  183  28:27  Ghost  
  183  28:33  SCV  
  183  28:34  SCV  
  187  28:39  Liberator  
  187  28:40  Ghost x2  
  188  28:45  SCV x4  
  192  28:57  Orbital Command  
  192  28:59  SCV x2  
  192  29:01  SCV x2  
  196  29:06  SCV x2  
  198  29:10  Thor x10  
  198  29:13  Missile Turret  
  198  29:17  SCV x2  
  200  29:26  Missile Turret  
  190  30:28  Ghost x2  
  190  30:29  Ghost  
  190  30:30  Ghost  
  190  30:31  SCV  
  190  30:34  Orbital Command  
  121  30:53  Thor x3  
  121  30:56  SCV x4  
  121  30:57  SCV x3  
  144  31:00  SCV  
  144  31:02  Factory Reactor  
  144  31:03  Hellion x2, Ghost  
  144  31:04  Ghost x2  
  151  31:05  SCV  
  151  31:08  SCV  
  151  31:11  Ghost  
  159  31:15  SCV x3  
  164  31:25  Sensor Tower  
  161  31:27  SCV x3  
  161  31:30  Missile Turret  
  164  31:43  Thor  
  164  31:44  Thor, Hellion  
  180  31:49  SCV  
  180  31:53  SCV  
  163  32:21  Ghost x2  
  163  32:22  Marine x6, Ghost x2  
  170  32:23  Marine x2  
  171  32:31  Thor x2  
  171  32:32  Medivac x2  
  181  32:37  Hellion  
  181  32:38  SCV x2  
  181  32:40  Marine x4  
  181  32:43  Marine  
  190  32:45  Marine x2  
  190  32:48  Marine  
  190  32:51  Marine  
  194  32:53  Marauder x3  
  200  33:19  Marauder, Marine x3  
  158  33:20  Marauder  
  158  33:22  Marine x2  
  158  33:23  Ghost x2  
  158  33:24  Marine x2  
  158  33:25  Thor x2  
  123  33:40  Ghost x2  
  120  33:44  Marine x5  
  120  33:46  Marine x2  
  127  33:50  Marine  
  127  33:51  Ghost  
  127  33:52  Ghost  
  132  34:02  Marine x4  
  123  34:06  Marine x2  
  123  34:08  Thor  
  123  34:09  Marine  
  123  34:11  Ghost  
  123  34:13  Marine  
  123  34:14  Thor  
  132  34:19  Marine  
  132  34:24  Marine  
  129  34:34  Marine  
  111  34:39  Marine x4  
  111  34:40  Marine x2  
  111  34:41  Marine  
  111  34:42  Marine  
  112  34:50  Marine  
  113  34:58  Marine x5  
  113  34:59  Marine  
  119  35:00  Thor x2  
  119  35:05  Marine  
  121  35:09  Starport  
  115  35:17  Marine  
  115  35:18  Marine  
  115  35:19  Marine x3  
  122  35:21  Ghost x2  
  122  35:25  Ghost  
  124  35:28  Marine  
  124  35:29  Refinery  
  124  35:30  Refinery  
  124  35:34  Marine  
  126  35:36  Marine  
  127  35:46  Marine x2  
  127  35:47  Marine x2  
  131  35:50  Starport Reactor  
  131  35:52  Marine x4  
  135  35:57  Refinery  
  135  36:03  Marine  
  134  36:08  Marine x3  
  129  36:16  Marine  
  117  36:19  Ghost  
  117  36:23  Marauder x3  
  124  36:31  Medivac  
  128  36:32  Medivac  
  128  36:44  Marauder  
  128  36:46  Ghost  
  131  36:48  Marauder  
  131  36:50  Marine x2  
  119  36:58  Marine  
  119  37:00  Marine  
  113  37:02  Marauder, Marine  
  113  37:05  Marine  
  113  37:06  Marauder  
  113  37:08  Marine x2  
  119  37:09  Marauder  
  123  37:16  Medivac, Marine  
  123  37:17  Marine  
  123  37:18  Marine  
  123  37:20  Marine  
  129  37:22  Marine x2  
  129  37:26  Hellion x2, Marine  
  136  37:30  Missile Turret  
  134  37:39  Concussive Shells  
  134  37:40  Marine  
  134  37:43  Ghost  
  131  37:45  Marauder x3  
  131  37:50  Hellion  
  139  38:03  Hellion  
  141  38:06  Medivac  
  107  38:29  Marine  
  107  38:30  Marauder x2, Marine x2  
  107  38:33  Hellion x2  
Show
View Real Time Build Order
Export as new Build Order

Lambo Zerg 

Build Orders: Pool First 

Get SALT Encoding   

  12  0:00  Drone  
  13  0:12  Overlord  
  13  0:17  Drone  
  14  0:31  Drone x2  
  14  0:34  Drone  
  17  0:43  Spawning Pool  
  17  0:48  Drone  
  17  1:07  Hatchery  
  17  1:10  Drone  
  17  1:14  Drone  
  17  1:16  Extractor  
  17  1:18  Drone  
  18  1:30  Zergling x2  
  18  1:31  Queen  
  21  1:41  Overlord  
  21  1:50  Drone  
  22  2:04  Drone  
  22  2:07  Queen  
  25  2:13  Drone  
  26  2:17  Hatchery  
  26  2:20  Drone  
  26  2:24  Drone  
  27  2:32  Drone  
  27  2:33  Metabolic Boost  
  27  2:36  Drone  
  29  2:39  Drone  
  29  2:42  Drone  
  31  2:45  Drone  
  31  2:47  Drone  
  33  2:51  Queen  
  33  2:56  Overlord  
  35  2:59  Drone  
  36  3:14  Drone x3  
  36  3:17  Queen  
  36  3:19  Drone x3  
  44  3:24  Overlord  
  44  3:28  Drone x2  
  44  3:29  Queen  
  48  3:35  Overlord  
  48  3:38  Queen  
  50  3:47  Drone x2  
  50  3:48  Overlord  
  52  3:50  Zergling x6  
  52  3:53  Overlord  
  52  3:55  Drone x2  
  57  3:58  Overlord  
  57  4:04  Drone  
  57  4:06  Queen  
  60  4:12  Zergling x4  
  60  4:13  Zergling x6  
  65  4:18  Drone x2  
  65  4:20  Queen  
  65  4:23  Overlord  
  69  4:28  Drone x2  
  71  4:34  Drone x2  
  71  4:36  Lair  
  72  4:39  Drone x2, Extractor  
  72  4:41  Baneling Nest  
  72  4:42  Drone x3  
  74  4:48  Overlord x2  
  74  4:56  Overlord  
  74  5:04  Spore Crawler  
  74  5:05  Spore Crawler x2  
  74  5:06  Drone x2  
  73  5:09  Drone x2  
  73  5:11  Drone x3  
  78  5:14  Zergling x2, Hatchery  
  78  5:19  Drone x5  
  83  5:21  Drone x2  
  83  5:23  Extractor  
  83  5:24  Drone  
  83  5:25  Extractor  
  83  5:27  Drone x2  
  86  5:28  Drone  
  86  5:31  Drone x2  
  86  5:34  Centrifugal Hooks  
  89  5:38  Evolution Chamber  
  89  5:40  Zergling x8  
  92  5:44  Zergling x2  
  92  5:45  Zergling x2, Evolution Chamber  
  93  5:52  Overlord  
  93  5:54  Overlord  
  93  5:55  Overlord  
  93  5:56  Overlord  
  93  5:58  Zergling x4  
  93  5:59  Baneling  
  93  6:00  Baneling x7  
  93  6:03  Zergling x6  
  97  6:08  Overlord  
  97  6:11  Overlord  
  97  6:12  Overlord  
  97  6:20  Zergling x2  
  97  6:21  Zergling x10  
  103  6:27  Zergling x8  
  100  6:34  Zerg Ground Armor Level 1, Zerg Melee Weapons Level 1  
  100  6:35  Drone x5  
  105  6:41  Zergling x10  
  110  6:50  Hatchery  
  110  6:51  Drone x4  
  110  6:52  Drone x2  
  110  6:53  Baneling x6  
  113  6:57  Zergling x2  
  114  7:02  Drone x2  
  114  7:08  Zergling x10  
  121  7:09  Drone  
  121  7:10  Overseer, Pneumatized Carapace  
  121  7:15  Baneling  
  121  7:17  Drone x3  
  121  7:18  Hatchery  
  123  7:24  Zergling x2  
  123  7:25  Zergling x20  
  123  7:28  Zergling x2  
  132  7:32  Queen  
  132  7:35  Zergling x10  
  139  7:38  Zergling x4  
  135  7:44  Baneling x9  
  135  7:48  Zergling x10  
  140  7:52  Baneling x5  
  140  7:57  Zergling x6  
  140  7:58  Zergling x12  
  149  8:00  Baneling  
  149  8:01  Baneling x3  
  142  8:09  Zergling x14  
  142  8:11  Queen x3  
  151  8:16  Zergling x12  
  153  8:21  Zergling x8  
  153  8:24  Zergling x4, Queen x2  
  157  8:31  Zergling x16  
  143  8:34  Zergling x2  
  143  8:38  Zergling x8  
  143  8:41  Zergling x6  
  145  8:47  Queen x2  
  145  8:48  Infestation Pit  
  148  8:51  Zergling x10  
  153  8:55  Baneling  
  153  8:56  Zergling x8, Baneling x4  
  153  8:58  Overseer, Zerg Ground Armor Level 2  
  157  9:03  Zerg Melee Weapons Level 2  
  157  9:05  Zergling x8  
  157  9:07  Baneling  
  157  9:08  Baneling x4  
  157  9:09  Zergling x4  
  163  9:14  Zergling x2  
  163  9:15  Zergling x4  
  163  9:20  Zergling x10  
  163  9:21  Zergling x4  
  163  9:22  Baneling x11  
  161  9:26  Zergling x8  
  161  9:29  Zergling x2  
  161  9:30  Zergling x4  
  152  9:32  Zergling x4  
  152  9:37  Zergling x8  
  150  9:40  Zergling x2  
  140  9:46  Baneling x10  
  140  9:48  Zergling x12  
  141  9:53  Zergling x2  
  141  9:58  Zergling x6  
  142  10:00  Hive  
  142  10:01  Queen  
  142  10:08  Zergling x6  
  142  10:13  Zergling x4  
  142  10:17  Baneling x2  
  142  10:18  Zergling x2, Baneling x2  
  142  10:19  Zergling x8  
  147  10:23  Hatchery  
  147  10:24  Zergling x4  
  147  10:27  Drone x2  
  150  10:31  Zergling x12  
  150  10:34  Zergling x2  
  157  10:41  Baneling x2  
  157  10:42  Baneling  
  157  10:43  Zergling x2  
  157  10:48  Overlord x2  
  158  10:51  Overlord x2  
  158  10:53  Overlord  
  158  10:55  Overlord  
  158  10:59  Zergling x2, Overlord  
  158  11:00  Zergling x2  
  158  11:02  Overlord  
  157  11:07  Overlord  
  157  11:13  Zergling x38  
  157  11:17  Zergling x4  
  157  11:18  Zergling x2  
  179  11:20  Baneling  
  179  11:21  Baneling x4  
  179  11:24  Adrenal Glands  
  179  11:26  Ultralisk Cavern  
  179  11:27  Zergling x14  
  185  11:34  Drone x6  
  185  11:35  Zerg Ground Armor Level 3  
  185  11:38  Zergling x14  
  198  11:49  Zergling x2  
  198  11:50  Overlord  
  198  11:54  Overlord  
  199  11:56  Overlord  
  199  11:57  Overlord  
  199  11:59  Overlord  
  191  12:01  Zergling x24  
  191  12:03  Zergling x2  
  141  12:08  Zergling x6  
  141  12:09  Zergling x4  
  141  12:12  Zergling x6  
  141  12:13  Chitinous Plating  
  132  12:18  Ultralisk x2  
  132  12:19  Drone x6  
  132  12:22  Extractor  
  149  12:24  Extractor  
  149  12:26  Zergling x14  
  155  12:30  Drone x2, Extractor  
  155  12:31  Drone x3  
  159  12:38  Zergling x2  
  159  12:41  Zerg Melee Weapons Level 3  
  160  12:47  Hatchery, Ultralisk  
  160  12:50  Zergling x6  
  168  12:54  Zergling x10  
  168  12:58  Drone x2  
  175  13:00  Zergling x10  
  175  13:02  Baneling x6  
  175  13:04  Baneling x5  
  175  13:05  Baneling  
  179  13:09  Zergling x2, Hatchery  
  179  13:10  Zergling x10  
  183  13:13  Zergling x10  
  188  13:24  Baneling x14  
  188  13:31  Zergling x24  
  188  13:33  Baneling x5  
  200  13:44  Extractor  
  200  13:46  Overseer  
  200  13:47  Anabolic Synthesis  
  199  13:49  Extractor  
  198  13:58  Zergling x4  
  198  13:59  Overseer  
  200  14:08  Baneling x7  
  200  14:18  Zergling x8  
  200  14:21  Zergling x6  
  200  14:22  Zergling x34  
  192  14:29  Zergling x24  
  200  14:37  Spire  
  198  14:43  Zergling x16  
  198  14:44  Zergling x18  
  176  14:49  Pathogen Glands  
  176  14:56  Nydus Network  
  173  15:00  Baneling x7  
  173  15:02  Drone x14  
  173  15:05  Extractor  
  173  15:06  Spore Crawler, Extractor  
  173  15:07  Spore Crawler x2, Extractor  
  179  15:15  Viper  
  179  15:16  Viper  
  185  15:22  Drone x3, Spire  
  187  15:28  Zerg Missile Weapons Level 1  
  187  15:32  Drone x2  
  189  15:37  Nydus Canal  
  189  15:42  Infestor x4  
  189  15:43  Infestor, Extractor  
  189  15:45  Hatchery  
  189  15:46  Neural Parasite  
  189  15:48  Extractor  
  196  15:57  Greater Spire  
  196  16:03  Drone x3  
  199  16:05  Spore Crawler  
  199  16:06  Spore Crawler  
  197  16:14  Baneling x13  
  197  16:18  Overseer  
  197  16:23  Zergling x6  
  198  16:32  Zergling x70  
  187  16:40  Burrow  
  187  16:41  Zergling x2  
  187  16:42  Zergling x24  
  176  16:58  Ultralisk x3  
  192  17:05  Zergling x16  
  199  17:13  Zergling x8  
  186  17:26  Zerg Flyer Weapons Level 1  
  186  17:27  Zerg Flyer Armor Level 1  
  186  17:33  Corruptor x6, Extractor  
  186  17:35  Extractor  
  196  17:42  Corruptor x4, Baneling x9, Spine Crawler  
  196  17:43  Corruptor x2  
  197  17:44  Overseer, Spine Crawler x2  
  197  17:46  Drone x3  
  197  18:15  Spine Crawler  
  197  18:16  Spine Crawler  
  197  18:17  Spine Crawler  
  194  18:25  Brood Lord x2  
  198  18:30  Spine Crawler  
  198  18:31  Hatchery  
  198  18:32  Spine Crawler  
  188  18:48  Brood Lord x6  
  181  18:56  Brood Lord x2  
  181  18:57  Infestor x3  
  190  19:06  Spore Crawler  
  190  19:08  Corruptor  
  190  19:09  Corruptor  
  194  19:10  Spore Crawler  
  194  19:11  Spore Crawler  
  194  19:12  Spore Crawler  
  194  19:13  Spore Crawler  
  194  19:14  Viper  
  193  19:19  Baneling x6  
  193  19:20  Baneling x7  
  192  19:24  Infestor  
  192  19:25  Infestor  
  192  19:29  Corruptor x2  
  198  19:52  Baneling x8  
  196  19:53  Brood Lord x2  
  196  19:58  Overseer  
  200  20:13  Overseer  
  189  20:28  Brood Lord x2  
  189  20:29  Zerg Flyer Weapons Level 2, Zerg Flyer Armor Level 2  
  189  20:30  Corruptor x3  
  199  20:42  Extractor  
  198  20:44  Overseer  
  185  21:04  Overseer  
  185  21:05  Spore Crawler  
  185  21:06  Spore Crawler x2  
  185  21:07  Spore Crawler  
  181  21:11  Brood Lord  
  181  21:12  Corruptor x5, Brood Lord x3  
  193  21:26  Extractor x2  
  193  21:27  Corruptor x4  
  197  21:35  Hatchery  
  196  21:45  Spore Crawler  
  196  21:46  Spore Crawler  
  189  21:48  Brood Lord x3  
  189  21:50  Overseer x2  
  195  22:01  Corruptor x2  
  194  22:24  Zergling x12  
  200  22:53  Baneling x4  
  200  23:03  Spore Crawler x2  
  198  23:13  Infestor  
  198  23:16  Overseer x2  
  198  23:17  Overseer x3  
  198  23:18  Zerg Flyer Weapons Level 3  
  198  23:19  Zerg Flyer Armor Level 3  
  197  24:02  Brood Lord  
  199  24:15  Brood Lord  
  199  24:16  Brood Lord x3  
  196  24:43  Infestor  
  196  24:44  Infestor x3  
  196  24:45  Overseer x4  
  197  24:50  Overlord  
  197  24:52  Infestor  
  199  24:58  Infestor x3  
  199  25:02  Spore Crawler  
  199  25:04  Spore Crawler, Overseer x3  
  199  25:05  Spore Crawler x2  
  199  25:06  Spore Crawler, Overseer  
  194  25:13  Infestor  
  194  25:14  Infestor x2  
  196  25:20  Extractor x2  
  198  25:24  Corruptor  
  198  25:25  Overseer  
  199  26:16  Lair, Spire  
  199  26:17  Infestation Pit  
  195  26:20  Zergling x10  
  195  26:22  Lair  
  195  26:24  Spawning Pool  
  198  26:44  Zergling x36  
  176  26:51  Zergling x2  
  147  26:56  Ultralisk x5  
  151  27:01  Infestor  
  151  27:06  Ultralisk x2  
  151  27:07  Ultralisk x3  
  162  27:13  Ultralisk  
  162  27:15  Baneling x11  
  168  27:21  Viper  
  171  27:25  Infestor x3  
  171  27:26  Infestor x5, Overlord  
  171  27:27  Queen x2  
  175  27:33  Overlord  
  175  27:35  Infestor x9  
  160  28:06  Corruptor  
  160  28:07  Corruptor x3  
  163  28:21  Corruptor x2  
  163  28:23  Queen x3  
  163  28:24  Queen  
  175  28:30  Drone x3  
  178  28:40  Drone x6  
  188  28:49  Drone  
  189  28:57  Brood Lord x5  
  189  29:01  Brood Lord  
  197  29:14  Extractor  
  197  29:15  Hatchery  
  195  29:18  Extractor  
  195  29:23  Brood Lord x3  
  200  29:41  Infestor x2  
  200  29:48  Spore Crawler  
  200  29:50  Spore Crawler  
  200  29:51  Spore Crawler  
  200  29:52  Spore Crawler  
  196  30:03  Infestor  
  174  30:47  Infestor  
  174  30:48  Infestor x2  
  126  30:52  Zergling x44  
  140  30:58  Brood Lord x2  
  140  31:03  Infestor  
  140  31:04  Queen x2  
  146  31:06  Drone x3  
  146  31:10  Viper x4  
  165  31:13  Zergling x2  
  165  31:14  Baneling x10  
  165  31:16  Infestor x4  
  174  31:22  Hatchery  
  173  31:30  Corruptor x2  
  177  31:52  Zergling x36  
  195  32:07  Zergling x16  
  179  32:20  Brood Lord x2  
  173  32:25  Zergling x20  
  172  32:40  Infestor x4  
  172  32:41  Baneling x11  
  172  32:42  Baneling x5  
  180  32:44  Drone  
  181  32:54  Corruptor  
  183  33:00  Zergling x26  
  183  33:02  Drone  
  195  33:18  Zergling x12  
  195  33:19  Zergling x12  
  167  33:22  Zergling x4  
  167  33:27  Zergling x8  
  145  33:30  Infestor  
  145  33:31  Infestor  
  140  33:38  Zergling x10  
  144  33:41  Queen  
  144  33:42  Corruptor  
  144  33:43  Infestor x7  
  144  33:45  Zergling x10  
  146  33:55  Zergling x14  
  151  34:01  Zergling x4  
  140  34:05  Zergling x10  
  134  34:21  Zergling x16  
  133  34:28  Zergling x14  
  139  34:33  Zergling x2  
  118  34:40  Zergling x12  
  107  34:50  Zergling x14  
  104  34:56  Zergling x4  
  104  35:06  Zergling x12  
  103  35:08  Zergling x2  
  103  35:09  Zergling x2  
  103  35:13  Queen, Ultralisk x3  
  118  35:24  Ultralisk  
  124  35:30  Zergling x2  
  124  35:31  Zergling x16  
  124  35:34  Baneling x3  
  124  35:35  Baneling x2  
  133  35:36  Infestor x4  
  133  35:37  Infestor  
  133  35:40  Overlord  
  131  35:48  Zergling x2  
  132  35:50  Baneling x7  
  132  36:01  Hatchery  
  123  36:13  Zergling x2  
  123  36:14  Zergling x34  
  123  36:18  Zergling x6  
  121  36:21  Infestor  
  121  36:29  Zergling x10  
  125  36:33  Infestor  
  125  36:39  Zergling x10  
  132  36:43  Baneling x7  
  132  36:50  Zergling x10  
  131  37:00  Zergling x12  
  132  37:10  Zergling x14  
  132  37:14  Infestor  
  141  37:38  Zergling x18  
  144  37:44  Overlord  
  144  37:46  Overlord  
  144  37:49  Baneling x5  
  143  38:00  Zergling x12  
  144  38:08  Overlord  
  144  38:16  Zergling x28  
  144  38:19  Zergling x4  
  146  38:25  Zergling x6  
  104  38:29  Zergling x4  
Tags
 
Add a new tag
Caveats
  • Supply blocks, unpowered buildings, or Contaminate may cause inaccurate times.
  • Supply counts are checked every 10 seconds.